 Dungeon Crawl Stone Soup version 0.25-a0-577-ga4619f409e (webtiles) character file.

Game seed: 9825890372934218985, levelgen mode: deterministic

180 Flugslaktarn the Covered (level 5, -2/47 HPs)
             Began as a Minotaur Fighter on Mar 2, 2020.
             Slain by an orc
             ... wielding a +0 whip
              (4 damage)
             ... on level 4 of the Dungeon.
             The game lasted 00:01:06 (1736 turns).

Flugslaktarn the Covered (Minotaur Fighter)         Turns: 1736, Time: 00:01:06

Health: -2/47      AC:  9    Str: 22    XL:     5   Next: 33%
Magic:  4/4        EV: 10    Int:  5    God:
Gold:   130        SH:  0    Dex:  9    Spells: 4/4 levels left

rFire    . . .     SeeInvis .   m - +0 battleaxe
rCold    . . .     Gourm    .   (shield currently unavailable)
rNeg     . . .     Faith    .   b - +0 scale mail
rPois    .         Spirit   .   (helmet restricted)
rElec    .         Reflect  .   f - +0 cloak
rCorr    .         Harm     .   (no gloves)
MR       .....                  j - +0 pair of boots
Stlth    ..........             (no amulet)
HPRegen  0.15/turn              (no ring)
MPRegen  0.09/turn              (no ring)

@: no status effects
A: retaliatory headbutt, horns 2
a: no special abilities


You were on level 4 of the Dungeon.
You were not hungry.

You visited 1 branch of the dungeon, and saw 4 of its levels.

You collected 130 gold pieces.

Inventory:

Hand Weapons
 a - a +0 war axe
 m - a +0 battleaxe (weapon)
   (You found it on level 2 of the Dungeon)
Armour
 b - a +0 scale mail (worn)
 c - a +0 kite shield
 f - a +0 cloak (worn)
   (You found it on level 2 of the Dungeon)
 j - a +0 pair of boots (worn)
   (You found it on level 2 of the Dungeon)
Scrolls
 g - 5 scrolls of remove curse {unknown}
 h - 2 scrolls of enchant weapon {unknown}
 i - a scroll of teleportation {unknown}
Potions
 d - a potion of might
 k - a potion of mutation {unknown}
 l - a potion of heal wounds {unknown}
 n - a potion of flight {unknown}
 o - a potion of lignification {unknown}
Comestibles
 e - 3 rations
 p - 8 chunks of flesh


   Skills:
 * Level 4.7 Fighting
 * Level 4.5 Axes
 * Level 4.8 Armour
 + Level 0.8 Dodging
 - Level 4.1 Shields


You had 4 spell levels left.
You didn't know any spells.
Your spell library was empty.

Dungeon Overview and Level Annotations

Branches:
Dungeon (4/15)
 Temple: D:4-7

Altars:
Kikubaaqudgha
Sif Muna
Vehumet


Innate Abilities, Weirdness & Mutations

You reflexively headbutt those who attack you in melee.
You have a pair of horns on your head.


Message History

Your scale mail prevents you from hitting the orc priest.
An adder comes into view.
The orc priest hits you with a +0 hand axe.
* * * LOW HITPOINT WARNING * * *
You slash the orc priest!
The orc priest is almost dead.
You hear a shout!
An orc comes into view. It is wielding a +0 whip.
The orc priest hits you with a +0 hand axe.
* * * LOW HITPOINT WARNING * * *
You barely miss the orc priest. Your headbutt misses the orc priest.
The orc priest is almost dead.
The orc priest mumbles some strange prayers to Beogh against you.
Beogh smites you!
* * * LOW HITPOINT WARNING * * *
You barely miss the orc. Your headbutt misses the orc.
You closely miss the orc priest.
An orc comes into view. It is wielding a +0 flail.
The orc hits you with a +0 whip.
You die...

#### ... .. #.
#.## #..##
#.o##o##
##.@oS..# #
##.####.....
#..###..# .#. ..
##......##
#.###.<####.##
#......
###.###...
.......###......#
.............###
#............##


You could see an orc priest, an adder and 2 orcs.

Vanquished Creatures
  Blork the orc (D:4)
  A worker ant (D:2)
  3 adders
  2 worms
  3 leopard geckos
  An orc (D:3)
  3 giant cockroaches
  3 goblins
  6 hobgoblins
  8 jackals
  5 kobolds
  2 quokkas (D:2)
  3 bats
  3 frilled lizards
  3 rats
47 creatures vanquished.

Notes
Turn   | Place    | Note
-------+----------+-------------------------------------------
     0 | D:1      | Flugslaktarn the Minotaur Fighter began the quest for the
                  | Orb.
     0 | D:1      | Reached XP level 1. HP: 19/19 MP: 0/0
   104 | D:1      | Reached XP level 2. HP: 26/27 MP: 1/1
   165 | D:2      | Reached XP level 3. HP: 27/33 MP: 2/2
   828 | D:2      | Reached XP level 4. HP: 13/40 MP: 3/3
  1167 | D:2      | Found an ancient bone altar of Kikubaaqudgha.
  1167 | D:2      | Found a shimmering blue altar of Sif Muna.
  1265 | D:2      | Found a radiant altar of Vehumet.
  1722 | D:4      | Noticed Blork the orc
  1732 | D:4      | Killed Blork the orc
  1732 | D:4      | Reached XP level 5. HP: 14/47 MP: 4/4
  1735 | D:4      | HP: 2/47 [orc priest/divine providence (11)]
  1736 | D:4      | Slain by an orc

Levels and vault maps discovered:
D:1:      scummos_arrival_simple_crosswalls, layout_rooms
D:2:      layout_basic, grunt_temple_overflow_magic_moments, zin_statuary
D:3:      layout_rooms, eat_drink_and_be_merry_uskayaw, first_ration
D:4:      layout_layer_cave, gammafunk_temple_overflow_wave,
          overflow_temple_1_default, uniq_blork_the_orc

Skill      XL: |  1  2  3  4 |
---------------+-------------+-----
Fighting       | 4 |  4.7
Axes           | 3 4 |  4.5
Armour         | 4 |  4.8
Shields        | 4 |  4.1
Dodging        | |  0.8

Action                   |  1- 3 |  4- 6 || total
-------------------------+-------+-------++-------
Melee: War axe           |    55 |       ||    55
       Headbutt          |     8 |    13 ||    21
       Battleaxe         |    15 |    76 ||    91
  Eat: Ration            |       |     1 ||     1
Armor: Scale mail        |    49 |    45 ||    94
Dodge: Dodged            |    32 |    59 ||    91
Block: Kite shield       |    31 |       ||    31

Table legend:
 A = Non-vault XP
 B = Vault XP
 C = Vault XP percentage of total XP
 D = Non-vault monster count
 E = Vault monster count
 F = Vault count percentage of total count
                 A         B        C        D         E       F
            +---------+---------+-------+---------+---------+-------
      Total |     159 |      99 |  38.4 |      46 |       1 |   2.1
            +---------+---------+-------+---------+---------+-------
        D:1 |      15 |       0 |   0.0 |       8 |       0 |   0.0
        D:2 |      94 |       0 |   0.0 |      20 |       0 |   0.0
        D:3 |      37 |       0 |   0.0 |      17 |       0 |   0.0
        D:4 |      13 |      99 |  88.4 |       1 |       1 |  50.0
            +---------+---------+-------+---------+---------+-------
